[ AOE2 MATCH · #513807201 ]
UnrankedKhmer vs Celts
Player's team · LOSS
Rival team · WIN
[ REPLAY ANALYSIS · EXTRACTED FROM THE RECORDED GAME ]
Feudal
10:22
Castle
22:38
Imperial
—
| APM avg | 28.2 |
| APM peak | 51 |
| eAPM avg | 14.3 |
| Villagers / military | 81 / 23 |
Focus
⚔️ 25.1% · 🌾 74.9%
Archer ×10 · Battle Elephant ×4 · Monk ×3 · Scorpion ×3 · Scout Cavalry ×2 · Spearman ×1
Feudal
17:03
Castle
24:42
Imperial
—
| APM avg | 46.8 |
| APM peak | 84 |
| eAPM avg | 25.6 |
| Villagers / military | 70 / 66 |
Focus
⚔️ 42.3% · 🌾 57.7%
Knight ×26 · Militia ×22 · Mangonel ×5 · Skirmisher ×5 · Monk ×4 · Scorpion ×2
Match map
Initial resources + every placement click. Lines = walls · curves = elevation contours. ◆ gold · ⬟ stone · ● berries · ✦ relic · ◌ wall gap
Your base· Open — 9t gap
meh's base· Open — unwalled flank
Smoothed initial terrain · ◌ = detected wall gap · hover for details
Inputs per minute
— kinghandles - - meh
Build order — kinghandles
First 150 of 188 actions detected
| 0:00 | Queue | Villager (Male) |
| 0:01 | Queue | Villager (Male) |
| 0:01 | Queue | Villager (Male) |
| 0:02 | Build | House |
| 0:04 | Build | House |
| 0:07 | Queue | Villager (Male) |
| 1:24 | Queue | Villager (Male) |
| 1:59 | Queue | Villager (Male) |
| 2:11 | Queue | Villager (Male) |
| 2:51 | Queue | Villager (Male) |
| 3:22 | Queue | Villager (Male) |
| 3:22 | Queue | Villager (Male) |
| 3:23 | Queue | Villager (Male) |
| 3:55 | Build | House |
| 4:29 | Build | Mill |
| 4:32 | Queue | Villager (Male) |
| 4:52 | Research | Loom |
| 5:27 | Queue | Villager (Male) |
| 5:50 | Queue | Villager (Male) |
| 6:12 | Queue | Villager (Male) |
| 6:33 | Queue | Villager (Male) |
| 6:49 | Queue | Villager (Male) |
| 7:11 | Build | House |
| 7:18 | Build | Mining Camp |
| 7:47 | Queue | Villager (Male) |
| 7:59 | Research | Feudal Age |
| 8:28 | Build | Lumber Camp |
| 8:40 | Build | House |
| 8:56 | Build | Palisade Wall |
| 8:58 | Build | Palisade Wall |
| 9:08 | Build | House |
| 9:35 | Build | House |
| 9:53 | Queue | Villager (Male) |
| 10:22 | Age | Feudal Age |
| 10:28 | Build | Barracks |
| 10:43 | Queue | Villager (Male) |
| 10:56 | Queue | Villager (Male) |
| 11:09 | Build | Archery Range |
| 11:14 | Queue | Villager (Male) |
| 11:39 | Queue | Archer |
| 11:40 | Queue | Archer |
| 11:45 | Queue | Spearman |
| 12:03 | Queue | Villager (Male) |
| 12:07 | Queue | Villager (Male) |
| 12:14 | Build | Farm |
| 12:28 | Build | Mill |
| 12:47 | Queue | Villager (Male) |
| 13:06 | Queue | Archer |
| 13:07 | Queue | Archer |
| 13:14 | Queue | Villager (Male) |
| 13:18 | Queue | Archer |
| 13:45 | Queue | Villager (Male) |
| 13:56 | Queue | Villager (Male) |
| 14:03 | Build | Blacksmith |
| 14:19 | Build | House |
| 14:37 | Queue | Villager (Male) |
| 14:42 | Build | House |
| 15:04 | Queue | Villager (Male) |
| 15:13 | Queue | Villager (Male) |
| 15:15 | Build | Farm |
| 15:32 | Queue | Villager (Male) |
| 15:58 | Build | Farm |
| 16:01 | Build | Farm |
| 16:02 | Build | Farm |
| 16:03 | Build | Farm |
| 16:10 | Build | Farm |
| 16:15 | Queue | Villager (Male) |
| 16:26 | Research | Fletching |
| 16:37 | Queue | Archer |
| 16:37 | Queue | Archer |
| 16:48 | Queue | Villager (Male) |
| 16:51 | Build | Farm |
| 16:58 | Build | Farm |
| 17:03 | Queue | Villager (Male) |
| 17:11 | Queue | Archer |
| 17:27 | Build | Farm |
| 17:42 | Queue | Villager (Male) |
| 17:46 | Build | Market |
| 17:57 | Build | Watch Tower |
| 17:59 | Queue | Villager (Male) |
| 18:05 | Build | Palisade Wall |
| 18:06 | Build | Palisade Wall |
| 18:07 | Build | Palisade Wall |
| 18:07 | Build | Palisade Wall |
| 18:11 | Build | House |
| 18:26 | Build | House |
| 18:35 | Build | Farm |
| 18:45 | Queue | Archer |
| 18:45 | Queue | Archer |
| 18:49 | Build | Farm |
| 19:01 | Queue | Villager (Male) |
| 19:58 | Research | Castle Age |
| 20:09 | Queue | Villager (Male) |
| 20:14 | Build | Stable |
| 20:50 | Queue | Villager (Male) |
| 21:00 | Queue | Villager (Male) |
| 21:24 | Queue | Villager (Male) |
| 22:18 | Build | Stable |
| 22:24 | Build | House |
| 22:33 | Research | Double-Bit Axe |
| 22:36 | Research | Horse Collar |
| 22:38 | Age | Castle Age |
| 22:45 | Queue | Battle Elephant |
| 22:45 | Queue | Battle Elephant |
| 23:09 | Build | Siege Workshop |
| 23:33 | Build | Town Center |
| 23:43 | Build | Mining Camp |
| 23:51 | Build | Farm |
| 24:04 | Queue | Scorpion |
| 24:04 | Queue | Scorpion |
| 24:08 | Build | Farm |
| 24:23 | Queue | Scout Cavalry |
| 24:24 | Queue | Scout Cavalry |
| 24:26 | Queue | Villager (Male) |
| 24:27 | Queue | Villager (Male) |
| 24:27 | Queue | Villager (Male) |
| 24:27 | Queue | Villager (Male) |
| 24:34 | Queue | Villager (Male) |
| 24:36 | Research | Bow Saw |
| 24:41 | Queue | Villager (Male) |
| 24:53 | Build | Farm |
| 24:55 | Build | Farm |
| 24:56 | Queue | Villager (Male) |
| 25:01 | Build | Farm |
| 25:03 | Queue | Villager (Male) |
| 25:29 | Queue | Scorpion |
| 25:30 | Queue | Villager (Male) |
| 25:32 | Build | Farm |
| 25:33 | Queue | Villager (Male) |
| 25:40 | Queue | Villager (Male) |
| 25:56 | Queue | Villager (Male) |
| 26:06 | Build | Monastery |
| 26:20 | Build | Town Center |
| 26:37 | Queue | Battle Elephant |
| 26:37 | Queue | Battle Elephant |
| 26:43 | Queue | Villager (Male) |
| 26:45 | Build | Farm |
| 26:51 | Build | Lumber Camp |
| 26:58 | Queue | Villager (Male) |
| 27:03 | Queue | Villager (Male) |
| 27:09 | Queue | Villager (Male) |
| 27:14 | Build | Farm |
| 27:15 | Build | Farm |
| 27:20 | Build | Stable |
| 27:37 | Queue | Villager (Male) |
| 27:57 | Build | Farm |
| 27:57 | Build | Farm |
| 27:58 | Build | Farm |
| 27:58 | Build | Farm |
| 27:58 | Build | Farm |
Build order — meh
First 150 of 282 actions detected
| 0:01 | Queue | Villager (Male) |
| 0:01 | Queue | Villager (Male) |
| 0:02 | Build | House |
| 0:03 | Build | House |
| 0:22 | Queue | Villager (Male) |
| 0:22 | Queue | Villager (Male) |
| 1:36 | Queue | Villager (Male) |
| 1:36 | Queue | Villager (Male) |
| 2:09 | Queue | Villager (Male) |
| 2:09 | Queue | Villager (Male) |
| 2:24 | Queue | Villager (Male) |
| 2:58 | Queue | Villager (Male) |
| 2:59 | Queue | Villager (Male) |
| 3:09 | Build | Barracks |
| 3:11 | Queue | Villager (Male) |
| 3:34 | Queue | Villager (Male) |
| 3:34 | Queue | Villager (Male) |
| 3:40 | Build | House |
| 4:06 | Queue | Militia |
| 4:10 | Build | House |
| 4:15 | Queue | Villager (Male) |
| 4:15 | Queue | Villager (Male) |
| 4:30 | Queue | Militia |
| 4:43 | Queue | Villager (Male) |
| 4:47 | Build | House |
| 5:10 | Build | Palisade Wall |
| 5:10 | Build | Palisade Wall |
| 5:14 | Research | Loom |
| 5:17 | Queue | Villager (Male) |
| 5:17 | Queue | Villager (Male) |
| 5:22 | Build | Palisade Wall |
| 5:26 | Queue | Villager (Male) |
| 5:34 | Build | Palisade Wall |
| 5:35 | Build | Palisade Wall |
| 5:45 | Queue | Militia |
| 5:45 | Queue | Militia |
| 5:58 | Build | Palisade Wall |
| 5:58 | Build | Palisade Wall |
| 5:59 | Build | Palisade Wall |
| 6:00 | Build | Palisade Wall |
| 6:00 | Build | Palisade Wall |
| 6:01 | Build | Palisade Wall |
| 6:02 | Build | Palisade Wall |
| 6:14 | Queue | Militia |
| 6:25 | Queue | Villager (Male) |
| 6:33 | Build | Palisade Wall |
| 6:36 | Build | Palisade Wall |
| 6:45 | Queue | Villager (Male) |
| 7:06 | Queue | Villager (Male) |
| 7:16 | Queue | Villager (Male) |
| 7:18 | Build | Lumber Camp |
| 7:41 | Build | Palisade Wall |
| 7:44 | Queue | Villager (Male) |
| 8:03 | Build | House |
| 8:04 | Build | House |
| 8:06 | Queue | Villager (Male) |
| 8:12 | Build | Palisade Wall |
| 8:13 | Build | Palisade Wall |
| 8:14 | Build | Palisade Wall |
| 8:14 | Build | Palisade Wall |
| 8:15 | Build | Palisade Wall |
| 8:30 | Queue | Militia |
| 8:38 | Queue | Villager (Male) |
| 8:55 | Build | Palisade Wall |
| 8:55 | Build | Palisade Wall |
| 8:56 | Build | Palisade Wall |
| 8:57 | Build | Palisade Wall |
| 8:57 | Build | Palisade Wall |
| 8:58 | Build | Palisade Wall |
| 8:58 | Build | Palisade Wall |
| 8:58 | Build | Palisade Wall |
| 8:59 | Build | Palisade Wall |
| 8:59 | Build | Palisade Wall |
| 8:59 | Build | Palisade Wall |
| 9:00 | Build | Palisade Wall |
| 9:02 | Queue | Villager (Male) |
| 9:14 | Build | Palisade Wall |
| 9:15 | Build | Palisade Wall |
| 9:15 | Build | Palisade Wall |
| 9:16 | Build | Palisade Wall |
| 9:16 | Build | Palisade Wall |
| 9:16 | Build | Palisade Wall |
| 9:16 | Build | Palisade Wall |
| 9:17 | Build | Palisade Wall |
| 9:17 | Build | Palisade Wall |
| 9:17 | Build | Palisade Wall |
| 9:17 | Build | Palisade Wall |
| 9:18 | Build | Palisade Wall |
| 9:18 | Build | Palisade Wall |
| 9:18 | Build | Palisade Wall |
| 9:19 | Build | Palisade Wall |
| 9:19 | Build | Palisade Wall |
| 9:19 | Build | Palisade Wall |
| 9:35 | Queue | Villager (Male) |
| 9:38 | Queue | Militia |
| 9:47 | Build | Mill |
| 10:06 | Queue | Villager (Male) |
| 10:36 | Build | Farm |
| 10:39 | Build | Farm |
| 10:40 | Build | Farm |
| 10:42 | Build | Farm |
| 10:43 | Queue | Villager (Male) |
| 10:59 | Queue | Villager (Male) |
| 11:04 | Build | Farm |
| 11:09 | Build | Farm |
| 11:25 | Queue | Militia |
| 11:33 | Research | Loom |
| 11:40 | Build | Farm |
| 11:42 | Build | Farm |
| 11:45 | Queue | Villager (Male) |
| 11:49 | Build | House |
| 11:50 | Build | House |
| 12:02 | Queue | Villager (Male) |
| 12:06 | Queue | Villager (Male) |
| 12:13 | Build | Mining Camp |
| 12:15 | Queue | Militia |
| 12:25 | Queue | Villager (Male) |
| 12:28 | Build | House |
| 12:31 | Build | House |
| 12:32 | Build | House |
| 12:34 | Queue | Villager (Male) |
| 13:01 | Queue | Villager (Male) |
| 13:12 | Build | Farm |
| 13:12 | Queue | Villager (Male) |
| 13:23 | Queue | Villager (Male) |
| 13:44 | Queue | Villager (Male) |
| 13:47 | Queue | Militia |
| 13:59 | Queue | Villager (Male) |
| 14:14 | Build | House |
| 14:16 | Build | Farm |
| 14:24 | Build | Farm |
| 14:25 | Build | Farm |
| 14:27 | Build | Farm |
| 14:31 | Queue | Militia |
| 14:38 | Research | Feudal Age |
| 14:47 | Queue | Villager (Male) |
| 15:08 | Build | Farm |
| 15:20 | Build | Lumber Camp |
| 15:23 | Build | Farm |
| 15:24 | Build | Farm |
| 15:26 | Queue | Villager (Male) |
| 15:31 | Queue | Militia |
| 15:43 | Build | Farm |
| 15:46 | Build | House |
| 15:52 | Build | Palisade Wall |
| 16:01 | Queue | Militia |
| 16:26 | Build | Palisade Wall |
| 16:29 | Build | Palisade Wall |
| 16:33 | Build | Palisade Wall |
| 16:41 | Queue | Militia |
Match timeline
| 3:09 | meh · first_building Barracks |
| 5:10 | meh · wall_segment Palisade Wall x1 |
| 5:10 | meh · wall_segment Palisade Wall x1 |
| 5:22 | meh · wall_segment Palisade Wall x1 |
| 5:34 | meh · wall_segment Palisade Wall x1 |
| 5:35 | meh · wall_segment Palisade Wall x1 |
| 5:58 | meh · wall_segment Palisade Wall x1 |
| 5:58 | meh · wall_segment Palisade Wall x1 |
| 5:59 | meh · wall_segment Palisade Wall x1 |
| 6:00 | meh · wall_segment Palisade Wall x1 |
| 6:00 | meh · wall_segment Palisade Wall x1 |
| 6:01 | meh · wall_segment Palisade Wall x1 |
| 6:02 | meh · wall_segment Palisade Wall x1 |
| 6:33 | meh · wall_segment Palisade Wall x1 |
| 6:36 | meh · wall_segment Palisade Wall x1 |
| 7:41 | meh · wall_segment Palisade Wall x1 |
| 8:12 | meh · wall_segment Palisade Wall x1 |
| 8:13 | meh · wall_segment Palisade Wall x1 |
| 8:14 | meh · wall_segment Palisade Wall x1 |
| 8:14 | meh · wall_segment Palisade Wall x1 |
| 8:15 | meh · wall_segment Palisade Wall x1 |
| 8:55 | meh · wall_segment Palisade Wall x1 |
| 8:55 | meh · wall_segment Palisade Wall x1 |
| 8:56 | meh · wall_segment Palisade Wall x1 |
| 8:56 | kinghandles · wall_segment Palisade Wall x1 |
| 8:57 | meh · wall_segment Palisade Wall x1 |
| 8:57 | meh · wall_segment Palisade Wall x1 |
| 8:58 | meh · wall_segment Palisade Wall x2 |
| 8:58 | meh · wall_segment Palisade Wall x1 |
| 8:58 | kinghandles · wall_segment Palisade Wall x1 |
| 8:58 | meh · wall_segment Palisade Wall x1 |
| 8:59 | meh · wall_segment Palisade Wall x1 |
| 8:59 | meh · wall_segment Palisade Wall x1 |
| 8:59 | meh · wall_segment Palisade Wall x1 |
| 9:00 | meh · wall_segment Palisade Wall x1 |
| 9:14 | meh · wall_segment Palisade Wall x1 |
| 9:15 | meh · wall_segment Palisade Wall x1 |
| 9:15 | meh · wall_segment Palisade Wall x1 |
| 9:16 | meh · wall_segment Palisade Wall x1 |
| 9:16 | meh · wall_segment Palisade Wall x2 |
| 9:16 | meh · wall_segment Palisade Wall x1 |
| 9:16 | meh · wall_segment Palisade Wall x1 |
| 9:17 | meh · wall_segment Palisade Wall x1 |
| 9:17 | meh · wall_segment Palisade Wall x1 |
| 9:17 | meh · wall_segment Palisade Wall x1 |
| 9:17 | meh · wall_segment Palisade Wall x2 |
| 9:18 | meh · wall_segment Palisade Wall x1 |
| 9:18 | meh · wall_segment Palisade Wall x1 |
| 9:18 | meh · wall_segment Palisade Wall x1 |
| 9:19 | meh · wall_segment Palisade Wall x1 |
| 9:19 | meh · wall_segment Palisade Wall x1 |
| 9:19 | meh · wall_segment Palisade Wall x1 |
| 10:22 | kinghandles · age_up feudal |
| 10:28 | kinghandles · first_building Barracks |
| 11:09 | kinghandles · first_building Archery Range |
| 15:52 | meh · wall_segment Palisade Wall x13 |
| 16:26 | meh · wall_segment Palisade Wall x1 |
| 16:29 | meh · wall_segment Palisade Wall x8 |
| 16:33 | meh · wall_segment Palisade Wall x25 |
| 17:03 | meh · age_up feudal |
| 17:11 | meh · first_building Archery Range |
| 18:05 | kinghandles · wall_segment Palisade Wall x1 |
| 18:06 | kinghandles · wall_segment Palisade Wall x1 |
| 18:07 | kinghandles · wall_segment Palisade Wall x1 |
| 18:07 | kinghandles · wall_segment Palisade Wall x1 |
| 18:58 | meh · first_building Stable |
| 19:22 | kinghandles · first_market_sell 100 wood |
| 20:14 | kinghandles · first_building Stable |
| 22:38 | kinghandles · age_up castle |
| 23:09 | kinghandles · first_building Siege Workshop |
| 23:23 | kinghandles · first_market_buy 100 stone |
| 24:42 | meh · age_up castle |
| 25:03 | meh · first_building Monastery |
| 25:10 | meh · first_building Siege Workshop |
| 25:25 | meh · wall_segment Palisade Wall x1 |
| 25:26 | meh · wall_segment Palisade Wall x1 |
| 25:31 | meh · wall_segment Palisade Wall x2 |
| 25:35 | meh · wall_segment Palisade Wall x1 |
| 25:36 | meh · wall_segment Palisade Wall x1 |
| 26:06 | kinghandles · first_building Monastery |
| 32:45 | kinghandles · resign |
[ AI ANALYSIS · 1 CREDIT ]
What really happened in this match?
Wolo.gg analyzes every decision: build order, eco, micro, common mistakes by bracket. Personalized analysis on WhatsApp or Discord in 30 seconds.
Civ guide
Khmer
Perfil
Jugador #551527